Map: Acropolis LE

Players

Smeeeger

  • Race: Zerg Zerg
  • League: Platinum
  • Spawn Location: 5:00

Baloo - Winner!

  • Race: Terran Terran
  • League: Platinum
  • Spawn Location: 11:00

VOD

Have the link to the VOD?

Description

Time

  • Played on: July 26, 2019, 10:05 a.m.
  • Length: 23:07
Show
View Real Time Build Order
Export as new Build Order

Smeeeger Zerg 

Build Orders: Hatch First 

Get SALT Encoding   

  12  0:00  Drone  
  13  0:10  Drone  
  14  0:18  Overlord  
  14  0:36  Drone x3  
  17  0:48  Drone  
  18  0:57  Hatchery  
  18  0:59  Drone  
  18  1:01  Extractor  
  17  1:14  Spawning Pool  
  17  1:16  Drone  
  17  1:23  Drone  
  18  1:31  Drone  
  19  1:41  Overlord  
  19  2:08  Queen  
  21  2:09  Queen  
  21  2:10  Zergling x6  
  21  2:14  Metabolic Boost  
  26  2:22  Drone x2  
  28  2:36  Zergling x6  
  31  2:43  Queen  
  33  2:45  Queen  
  33  2:47  Drone  
  36  2:55  Overlord x2  
  36  3:14  Drone  
  36  3:15  Drone x3  
  40  3:36  Queen  
  40  3:37  Drone x4  
  40  3:38  Drone, Overlord  
  47  3:55  Drone x4  
  49  4:01  Hatchery  
  49  4:02  Drone  
  50  4:03  Drone, Baneling Nest  
  50  4:15  Drone x3  
  53  4:17  Queen  
  55  4:26  Extractor  
  55  4:27  Drone x3  
  55  4:28  Drone x2  
  55  4:31  Drone, Extractor  
  59  4:37  Extractor  
  58  4:39  Overlord x2  
  58  4:45  Overlord  
  58  4:50  Spore Crawler  
  58  4:52  Spore Crawler  
  56  4:53  Spore Crawler, Drone x2  
  56  4:54  Spore Crawler, Drone x2  
  58  5:12  Queen x2  
  62  5:18  Lair  
  60  5:23  Drone x2  
  60  5:24  Drone x2  
  60  5:26  Spine Crawler  
  60  5:27  Spore Crawler, Drone x3  
  60  5:28  Drone, Spine Crawler  
  66  5:29  Drone  
  66  5:42  Drone x3  
  67  5:54  Drone x2  
  67  5:55  Drone x3  
  70  5:58  Drone x2  
  72  6:19  Hydralisk Den  
  72  6:22  Drone x2, Evolution Chamber  
  72  6:23  Drone  
  72  6:24  Drone x3  
  72  6:44  Extractor  
  71  6:48  Queen  
  71  6:49  Queen  
  71  6:50  Zerg Missile Weapons Level 1  
  75  6:54  Hatchery, Hydralisk x4, Grooved Spines  
  75  6:59  Overlord x3  
  75  7:00  Overlord  
  75  7:01  Centrifical Hooks  
  82  7:11  Overlord x2  
  82  7:21  Drone x4  
  82  7:22  Drone  
  87  7:27  Hydralisk  
  87  7:28  Hydralisk x3  
  95  7:42  Hydralisk x5  
  98  7:47  Drone x3  
  101  7:57  Spire  
  101  7:58  Hydralisk  
  101  7:59  Hydralisk x3  
  101  8:03  Drone  
  101  8:04  Drone  
  101  8:05  Spore Crawler, Muscular Augments  
  110  8:07  Drone  
  111  8:13  Spore Crawler  
  111  8:15  Extractor  
  111  8:17  Drone x2  
  111  8:18  Drone x2  
  106  8:27  Spore Crawler, Drone x3  
  106  8:28  Drone x4  
  106  8:33  Drone  
  107  8:41  Drone x2  
  107  8:42  Drone  
  107  8:48  Drone x2  
  112  8:53  Overlord x5  
  112  8:56  Drone  
  112  8:57  Drone x2  
  112  8:58  Queen  
  112  9:02  Queen  
  119  9:10  Queen x2  
  107  9:33  Hydralisk  
  107  9:34  Hydralisk  
  107  9:35  Hydralisk x18  
  145  9:38  Zerg Missile Weapons Level 2  
  145  9:44  Drone x2  
  147  9:51  Drone  
  147  9:52  Hatchery x2, Drone x2  
  149  9:53  Hydralisk x6  
  160  10:06  Evolution Chamber  
  159  10:08  Drone  
  159  10:10  Extractor  
  159  10:12  Zergling x2  
  159  10:13  Overlord x3  
  159  10:14  Overlord  
  160  10:15  Extractor  
  145  10:51  Zergling x30  
  145  10:52  Zergling x10  
  166  10:57  Drone x4  
  169  11:05  Spire  
  168  11:13  Zergling x12  
  168  11:18  Hatchery  
  100  11:54  Hydralisk x9  
  100  11:56  Zergling x2  
  100  11:57  Zergling x22  
  130  12:06  Zerg Ground Armor Level 1  
  130  12:07  Zerg Melee Weapons Level 1  
  130  12:09  Hydralisk  
  130  12:10  Hydralisk x6  
  144  12:20  Drone x3  
  144  12:21  Drone x3  
  150  12:24  Hydralisk  
  152  12:36  Infestation Pit  
  151  12:43  Baneling  
  151  12:44  Hydralisk x3, Baneling x19  
  151  12:45  Hydralisk x14  
  151  12:46  Hatchery  
  151  12:47  Drone x7  
  151  12:48  Queen  
  193  12:56  Hydralisk x3  
  199  13:15  Overseer x2  
  199  13:16  Pneumatized Carapace  
  199  13:18  Burrow  
  133  13:51  Hive  
  133  13:54  Drone x3  
  133  13:55  Drone  
  129  13:57  Extractor  
  129  13:59  Spore Crawler, Extractor  
  129  14:00  Spore Crawler  
  125  14:04  Swarm Host x3  
  167  14:13  Zergling x10  
  172  14:34  Overseer x2  
  172  14:36  Hydralisk x11  
  172  14:38  Hydralisk  
  196  14:48  Hydralisk x2  
  197  15:11  Hydralisk  
  197  15:36  Greater Spire  
  197  15:37  Adrenal Glands  
  195  16:23  Corruptor x4  
  199  16:37  Zerg Ground Armor Level 2, Zerg Missile Weapons Level 3  
  184  17:04  Corruptor x6  
  184  17:05  Corruptor x3  
  200  17:27  Brood Lord  
  198  17:32  Brood Lord x2  
  196  18:01  Zergling x22  
  196  18:02  Zergling x6  
  194  18:12  Zergling x4  
  192  18:13  Zergling x4  
  178  18:48  Brood Lord x5  
  177  18:49  Brood Lord  
  177  18:52  Zergling x2  
  177  18:53  Zerg Melee Weapons Level 2, Zergling x24  
  177  18:54  Zergling x2  
  184  19:16  Hydralisk x2  
  176  19:25  Zergling x32  
  176  19:26  Zergling x4  
  176  19:27  Zergling x8  
  168  19:36  Zergling x6  
  168  19:37  Zergling x12  
  158  20:03  Hydralisk x17  
  174  20:16  Zerg Ground Armor Level 3  
  174  20:18  Corruptor x5  
  184  20:23  Overlord x3  
  184  20:37  Extractor  
  184  20:39  Extractor  
  184  20:40  Hydralisk x8  
  184  20:41  Hydralisk  
  175  21:40  Zergling x14  
  175  21:41  Zergling x36  
  198  21:59  Hydralisk  
  198  22:00  Hydralisk x7  
  160  22:17  Zergling x6  
  160  22:18  Zergling x26  
  151  22:28  Hydralisk x4  
Show
View Real Time Build Order
Export as new Build Order

Baloo Terran - Winner!

Build Orders: 1/1/1, Mech 

Get SALT Encoding   

  12  0:00  SCV  
  13  0:13  Supply Depot  
  13  0:20  Refinery  
  13  0:37  Barracks  
  13  0:39  SCV  
  14  0:51  SCV  
  15  1:03  SCV  
  16  1:15  SCV  
  17  1:24  Factory  
  17  1:27  Orbital Command  
  17  1:32  Refinery  
  17  1:36  Marine  
  18  1:53  SCV  
  19  2:11  Starport  
  19  2:15  SCV  
  20  2:19  Supply Depot  
  20  2:22  Hellion  
  22  2:27  SCV  
  23  2:50  Fusion Core  
  23  2:51  SCV  
  24  3:10  Starport Tech Lab  
  24  3:15  Command Center  
  24  3:37  Battlecruiser  
  30  3:44  Supply Depot  
  30  3:54  Barracks Reactor  
  30  4:01  SCV  
  31  4:06  Hellion  
  31  4:07  Supply Depot  
  33  4:27  Refinery  
  33  4:29  Factory  
  33  4:41  Hellion  
  33  4:42  Hellion, SCV  
  38  4:50  SCV  
  39  4:54  SCV  
  40  5:16  SCV x2  
  40  5:19  Battlecruiser  
  40  5:21  Refinery  
  48  5:24  Supply Depot  
  48  5:26  Factory  
  48  5:30  Factory Tech Lab  
  48  5:34  SCV  
  49  5:37  Supply Depot, SCV  
  50  5:46  SCV  
  49  5:51  SCV  
  50  5:58  SCV  
  50  6:04  Siege Tank  
  55  6:08  Barracks Tech Lab  
  55  6:10  SCV  
  56  6:13  Armory, Orbital Command  
  55  6:22  SCV  
  55  6:25  Supply Depot, Widow Mine  
  58  6:34  SCV  
  59  6:50  SCV x2  
  61  6:55  Factory Tech Lab  
  61  7:01  Armory  
  61  7:04  SCV  
  61  7:05  Engineering Bay, SCV  
  63  7:15  Infernal Pre-Igniter  
  63  7:16  Siege Tank  
  63  7:18  SCV x2  
  63  7:22  Marauder  
  70  7:37  SCV  
  70  7:38  SCV  
  72  7:49  Thor, SCV  
  72  7:50  Siege Tank, SCV  
  83  8:00  Terran Vehicle And Ship Armor Level 1  
  83  8:02  SCV x2  
  83  8:04  Supply Depot  
  85  8:14  SCV  
  86  8:26  SCV x2  
  88  8:35  Supply Depot  
  88  8:38  SCV x2  
  90  8:54  Siege Tank  
  93  8:56  Terran Vehicle Weapons Level 1  
  93  8:58  Supply Depot, Command Center  
  93  9:00  Factory, Marauder  
  97  9:07  Starport  
  91  9:37  Thor  
  95  9:40  Hellbat x2  
  95  9:43  SCV x2  
  101  9:55  SCV  
  101  9:58  Command Center  
  102  10:01  Factory Tech Lab  
  102  10:03  Factory Tech Lab  
  102  10:09  Terran Vehicle And Ship Armor Level 2  
  102  10:10  SCV  
  102  10:11  SCV  
  104  10:20  Siege Tank  
  107  10:22  Siege Tank  
  107  10:27  Supply Depot  
  110  10:30  Supply Depot  
  110  10:49  Thor  
  110  10:52  Thor  
  110  10:53  Hellbat x2  
  110  10:56  SCV  
  121  11:00  Supply Depot  
  121  11:07  Command Center  
  121  11:08  Supply Depot  
  121  11:09  Thor  
  127  11:11  Planetary Fortress  
  127  11:17  Refinery  
  127  11:22  Refinery  
  127  11:24  Terran Vehicle Weapons Level 2  
  84  11:52  Siege Tank x2  
  84  11:53  Siege Tank  
  88  11:58  SCV x2  
  88  12:00  SCV  
  91  12:10  SCV x2  
  91  12:12  SCV  
  94  12:22  SCV x2  
  96  12:24  Widow Mine x3, SCV  
  96  12:26  Marauder  
  105  12:34  SCV x2  
  107  12:38  Thor  
  107  12:39  Thor  
  107  12:42  Supply Depot, Starport Tech Lab  
  107  12:43  Starport Reactor  
  119  12:45  SCV  
  119  12:48  Drilling Claws  
  120  12:51  Barracks  
  120  13:13  Planetary Fortress  
  120  13:15  SCV x2  
  120  13:16  SCV  
  123  13:20  Thor  
  123  13:22  Hellbat x2  
  123  13:26  Refinery  
  133  13:27  SCV  
  133  13:28  Factory, SCV x2  
  133  13:32  Refinery  
  133  13:33  Supply Depot  
  129  13:55  Factory  
  129  13:56  SCV x2  
  129  13:57  SCV  
  129  14:02  SCV  
  133  14:04  Sensor Tower  
  133  14:05  Siege Tank, Thor, Command Center  
  133  14:08  SCV  
  133  14:09  SCV x2  
  145  14:13  Hellbat  
  145  14:14  Hellbat, SCV  
  150  14:18  Medivac x2  
  150  14:21  SCV x3  
  157  14:36  Siege Tank  
  160  14:43  Factory  
  160  14:44  Factory Tech Lab  
  160  14:48  Factory  
  160  14:52  Supply Depot  
  160  14:59  Sensor Tower  
  154  15:11  Thor x2  
  154  15:12  Thor, Hellbat  
  154  15:13  Hellbat, SCV x3  
  154  15:14  SCV  
  178  15:25  SCV  
  177  15:31  Medivac  
  177  15:33  Medivac x2  
  177  15:34  Hellbat x2  
  183  15:43  Siege Tank  
  183  15:47  Hellbat  
  183  15:49  Command Center  
  188  15:55  Hellbat x4  
  196  16:01  Raven  
  196  16:03  Medivac  
  200  16:11  Planetary Fortress  
  188  16:29  Hellbat x4  
  188  16:30  Hellbat x2  
  198  16:57  Thor  
  198  16:58  Hellbat x2  
  198  16:59  Hellbat  
  198  17:00  Hellbat  
  192  17:09  Planetary Fortress  
  192  17:13  Command Center  
  192  17:20  Thor  
  188  17:52  Terran Vehicle Weapons Level 3, Terran Vehicle And Ship Armor Level 3  
  160  18:06  Hellbat x3  
  158  18:12  Thor  
  158  18:13  Thor x3  
  158  18:14  Viking x3  
  159  18:32  Hellbat  
  159  18:33  Hellbat x2  
  157  18:43  Missile Turret x2  
  157  18:44  Missile Turret  
  151  18:53  Starport  
  151  18:54  Starport, Hellbat x2  
  149  19:01  Hellbat x2  
  153  19:03  Thor x2  
  153  19:07  Viking x3  
  159  19:25  Hellbat  
  159  19:26  Hellbat x4  
  161  19:37  Viking x2, Refinery  
  161  19:38  Planetary Fortress  
  165  19:39  Refinery  
  165  19:45  Missile Turret x2  
  165  19:46  Hellbat  
  165  19:47  Missile Turret  
  165  19:50  Starport Tech Lab  
  165  19:51  Starport Reactor  
  156  20:13  Viking x3  
  156  20:14  Viking  
  158  20:18  Thor  
  158  20:20  Command Center  
  164  20:40  Medivac x2  
  168  20:43  Viking  
  168  20:46  Terran Ship Weapons Level 1  
  168  20:48  Terran Infantry Weapons Level 1  
  170  20:58  Barracks, Refinery  
  170  21:00  Supply Depot, Barracks x2  
  170  21:01  Barracks  
  170  21:02  Barracks  
  170  21:10  Viking x2  
  174  21:24  Battlecruiser  
  174  21:35  Thor  
  151  22:01  Siege Tank  
  151  22:02  Siege Tank x2  
  160  22:13  Hellbat x3  
  156  22:18  Hellbat  
  156  22:19  SCV x3  
  156  22:20  Planetary Fortress  
  140  22:23  Command Center  
  140  22:26  Barracks Reactor x3  
  140  22:29  Viking x2  
  144  22:34  Hellbat x4  
  152  22:41  Command Center  
  152  22:43  Barracks Tech Lab  
  152  22:56  Refinery  
Tags
 
Composition
Mech
Matchup
TvZ
Replay Pack
SC2 replays
Spawn Locations
Cross Positions
Add a new tag
Caveats
  • Supply blocks, unpowered buildings, or Contaminate may cause inaccurate times.
  • Supply counts are checked every 10 seconds.